 Dungeon Crawl Stone Soup version 0.19.1-1-g22dce08 (webtiles) character file.

696 McKennaii the Gusty (level 7, -2/43 HPs)
             Began as a High Elf Air Elementalist on Jan 6, 2017.
             Was a Follower of Sif Muna.
             Slain by an ogre
             ... wielding a +0 giant spiked club
              (14 damage)
             ... on level 5 of the Dungeon.
             The game lasted 00:34:41 (4359 turns).

McKennaii the Gusty (High Elf Air Elementalist)     Turns: 4359, Time: 00:34:42

Health: -2/43      AC:  3    Str:  7    XL:     7   Next: 37%
Magic:  12/16      EV: 14    Int: 21    God:    Sif Muna [*.....]
Gold:   78         SH:  0    Dex: 16    Spells: 5 memorised, 4 levels left

rFire  . . .     SeeInvis .     t - +3 scimitar (protect)
rCold  . . .     Gourm    .     a - +0 robe
rNeg   . . .     Faith    .     (no shield)
rPois  .         Spirit   .     (no helmet)
rElec  .         Reflect  .     (no cloak)
rCorr  .         Harm     .     l - +0 pair of gloves
MR     .....                    (no boots)
Stlth  ++........               (no amulet)
                                (no ring)
                                (no ring)

@: repel missiles
A: no striking features
a: Divine Energy, Renounce Religion


You were on level 5 of the Dungeon.
You worshipped Sif Muna.
Sif Muna was aware of your devotion.
You were not hungry.

You visited 1 branch of the dungeon, and saw 5 of its levels.

You collected 317 gold pieces.
You spent 239 gold pieces at shops.

Inventory:

Hand Weapons
 j - a +2 dagger of pain
 q - a +1 vampiric dagger
 t - a +3 scimitar of protection (weapon)
Armour
 a - a +0 robe (worn)
 l - a +0 pair of gloves (worn)
Jewellery
 f - an uncursed ring of resist corrosion {unknown}
 w - a cursed ring of teleportation {unknown}
Wands
 c - a wand of random effects (26/48)
Scrolls
 d - 2 scrolls of identify {unknown}
 e - a scroll of fog {unknown}
 i - 4 scrolls of teleportation {unknown}
 k - a scroll of noise {unknown}
 m - a scroll of recharging {unknown}
 o - 3 scrolls of amnesia {unknown}
 r - a scroll of magic mapping {unknown}
 v - 2 scrolls of remove curse {unknown}
 x - a scroll of fear {unknown}
Potions
 g - 4 potions of curing {unknown}
 n - a potion of flight {unknown}
 s - 3 potions of lignification {unknown}
 u - a potion of cure mutation {unknown}
Books
 b - a book of Air

   Spells                             Type                      Level
   a - Shock                          Conjuration/Air              1
   b - Swiftness                      Charms/Air                   2
   c - Repel Missiles                 Charms/Air                   2
   d - Static Discharge               Conjuration/Air              3
   e - Lightning Bolt                 Conjuration/Air              5
Comestibles
 h - 3 meat rations
 p - a royal jelly


   Skills:
 + Level 1.3 Fighting
 + Level 1.0(1.4) Short Blades
 + Level 1.4(1.7) Long Blades
 + Level 3.3 Dodging
 + Level 2.7 Stealth
 + Level 0.1 Unarmed Combat
 + Level 5.5 Spellcasting
 + Level 3.5 Conjurations
 + Level 6.4 Air Magic


You had 4 spell levels left.
You knew the following spells:

 Your Spells              Type           Power        Failure   Level  Hunger
a - Shock                 Conj/Air       ####         1%          1    None
b - Swiftness             Chrm/Air       ###.....     4%          2    None
c - Repel Missiles        Chrm/Air       ###...       4%          2    None
d - Static Discharge      Conj/Air       ####....     4%          3    ##.....
e - Lightning Bolt        Conj/Air       ####......   41%         5    #####..


Dungeon Overview and Level Annotations

Branches:
Dungeon (5/15)             Temple (0/1) D:5

Altars:
Sif Muna

Shops:
D:4 [*(([

Annotations:
D:3 droidenko's ghost, amateur MiFi


Message History

The ogre is almost dead.
The ogre hits you with a giant spiked club!
Casting: Shock
Confirm with . or Enter, or press ? or * to list all spells.
Aiming: Shock
Press: ? - help, Shift-Dir - straight line, f/p - ogre
Aim: an ogre, wielding a giant spiked club (almost dead)
The zap hits the ogre.
The ogre is almost dead.
The ogre hits you with a giant spiked club!!
* * * LOW HITPOINT WARNING * * *
Casting: Shock
Confirm with . or Enter, or press ? or * to list all spells.
Aiming: Shock
Press: ? - help, Shift-Dir - straight line, f/p - ogre
Aim: an ogre, wielding a giant spiked club (almost dead)
The zap hits the ogre.
The ogre is almost dead.
The ogre hits you with a giant spiked club!
You die...

#.# #.#.# #.#
#.#.# #.# #.#..
#.# #.#.. #.#
######.#.# #.#
.......... #.#
#######..# #O#
.......... #@#
#######.##
#.#############.#
#...............#
#################


You could see an ogre.

Vanquished Creatures
  A hippogriff (D:4)
  An ogre (D:4)
  An orc priest (D:3)
  3 orc wizards
  Natasha (thrice) (D:3)
  A worker ant (D:4)
  Robin (D:2)
  9 adders
  A shadow imp (D:3)
  An ooze (D:2)
  4 worms
  6 dart slugs
  A leopard gecko (D:2)
  14 orcs
  4 giant cockroaches
  22 goblins
  9 hobgoblins
  3 kobolds
  A quokka (D:3)
  A ball python (D:1)
  4 bats (D:1)
  5 frilled lizards
  5 rats
101 creatures vanquished.

Notes
Turn   | Place    | Note
-------+----------+-------------------------------------------
     0 | D:1      | McKennaii the High Elf Air Elementalist began the quest for the Orb.
     0 | D:1      | Reached XP level 1. HP: 11/11 MP: 4/4
    89 | D:1      | Reached skill level 4 in Air Magic
   165 | D:1      | Reached XP level 2. HP: 10/17 MP: 2/6
   169 | D:1      | Learned a level 2 spell: Swiftness
   172 | D:1      | Learned a level 2 spell: Repel Missiles
   708 | D:2      | Reached XP level 3. HP: 12/21 MP: 0/8
   888 | D:2      | Noticed Robin
  1123 | D:2      | Reached XP level 4. HP: 27/27 MP: 2/9
  1210 | D:2      | Killed Robin
  1393 | D:2      | Found a faded altar of an unknown god.
  1497 | D:2      | Reached skill level 5 in Air Magic
  1601 | D:2      | Learned a level 3 spell: Static Discharge
  1666 | D:3      | Found a deep blue altar of Sif Muna.
  1670 | D:3      | Became a worshipper of Sif Muna the Loreminder
  1677 | D:3      | Reached skill level 1 in Short Blades
  1677 | D:3      | Reached XP level 5. HP: 31/31 MP: 7/11
  1715 | D:3      | Noticed Natasha
  1735 | D:3      | HP: 1/32 [Natasha/magic dart (5)]
  1801 | D:4      | Found Sawoted's Weapon Boutique.
  1807 | D:4      | Found Orefoal's Antique Armour Boutique.
  2116 | D:3      | Noticed droidenko's ghost (amateur MiFi)
  2705 | D:3      | Killed Natasha
  2716 | D:3      | Reached XP level 6. HP: 5/37 MP: 3/13
  2797 | D:3      | Learned a level 5 spell: Lightning Bolt
  3020 | D:4      | Bought a +3 scimitar of protection for 239 gold pieces
  3072 | D:4      | Found Siustyxkie's Weapon Emporium.
  3101 | D:4      | Reached * piety under Sif Muna
  3141 | D:4      | Found Vodwumpe's Antique Armour Shop.
  3375 | D:4      | Reached skill level 1 in Fighting
  3375 | D:4      | Reached skill level 5 in Spellcasting
  3545 | D:4      | Found Ovinuq's General Store.
  3674 | D:4      | Noticed a hippogriff
  3717 | D:4      | Killed a hippogriff
  3717 | D:4      | Reached skill level 1 in Long Blades
  3717 | D:4      | Reached skill level 6 in Air Magic
  3717 | D:4      | Reached XP level 7. HP: 17/43 MP: 7/16
  4129 | D:3      | Noticed Natasha
  4137 | D:3      | Killed Natasha
  4163 | D:3      | Noticed Natasha
  4180 | D:3      | Killed Natasha
  4261 | D:5      | Entered Level 5 of the Dungeon
  4327 | D:5      | Found a staircase to the Ecumenical Temple.
  4359 | D:5      | Slain by an ogre

Skill      XL: |  1  2  3  4  5  6 |
---------------+-------------------+-----
Air Magic      | 4 5 6 |  6.4
Spellcasting   | 3 4 5 |  5.5
Conjurations   | 2 3 |  3.5
Short Blades   | 1 |  1.0
Dodging        | 3 |  3.3
Fighting       | 1 |  1.3
Long Blades    | 1 |  1.4
Stealth        | |  2.7
Unarmed Combat | |  0.1

Action                   |  1- 3 |  4- 6 |  7- 9 || total
-------------------------+-------+-------+-------++-------
Melee: Unarmed           |    11 |       |       ||    11
       Dagger            |    10 |     7 |       ||    17
       Scimitar          |       |     4 |     1 ||     5
 Cast: Shock             |    68 |   130 |    34 ||   232
       Repel Missiles    |       |     1 |       ||     1
  Use: Potion            |       |     2 |       ||     2
  Eat: Bread ration      |     1 |     1 |     1 ||     3
Armor: Robe              |    10 |     4 |       ||    14
Dodge: Dodged            |    28 |    45 |     4 ||    77
       Rpst.: Scimitar   |       |     7 |     2 ||     9
